 Dungeon Crawl Stone Soup version 0.22-b1-26-g9dbaab1 (webtiles) character file.

48 glosham the Chucker (level 3, -1/54 HPs)
             Began as an Ogre Arcane Marksman on Aug 8, 2018.
             Slain by Natasha (4 damage)
             ... on level 2 of the Dungeon.
             The game lasted 00:16:17 (1641 turns).

glosham the Chucker (Ogre Arcane Marksman)          Turns: 1641, Time: 00:16:17

Health: -1/54      AC: 21    Str: 14    XL:     3   Next: 72%
Magic:  6/6        EV:  1    Int: 14    God:
Gold:   42         SH:  0    Dex: 10    Spells: 5/6 levels left

rFire    . . .     SeeInvis .   a - +0 dagger
rCold    . . .     Gourm    .   (no shield)
rNeg     + + +     Faith    .   (armour currently unavailable)
rPois    +         Spirit   .   (helmet currently unavailable)
rElec    .         Reflect  .   (cloak currently unavailable)
rCorr    .         Harm     +   (gloves unavailable)
MR       .....     NoTele   +   (boots unavailable)
Stlth    +.........             z - amulet of harm
HPRegen  0.18/turn              (no ring)
MPRegen  0.10/turn              (no ring)

@: lethally poisoned (-1 -> -2), tree-form
A: large, unfitting armour
a: no special abilities


You were on level 2 of the Dungeon.
You were hungry.
You were a tree.
You visited 1 branch of the dungeon, and saw 2 of its levels.

You collected 42 gold pieces.

Inventory:

Hand Weapons
 a - a +0 dagger (weapon)
 b - a +0 club
Missiles
 c - 4 large rocks (quivered)
 d - 2 throwing nets
 k - 25 stones
Armour
 i - a +0 robe (melded)
Jewellery
 z - an amulet of harm (around neck)
Scrolls
 m - 2 scrolls of fog
 o - 2 scrolls of remove curse
Potions
 n - a potion of cancellation
 w - a potion of flight
Comestibles
 e - 2 rations


   Skills:
 + Level 2.5 Fighting
 * Level 3.1 Throwing
 - Level 1.7 Dodging
 + Level 2.1 Spellcasting
 - Level 2.6 Hexes


You had 5 spell levels left.
You knew the following spells:

 Your Spells              Type           Power        Failure   Level  Hunger
z - Corona                Hex            #......      8%          1    #......

Your spell library contained the following spells:

 Spells                   Type           Power        Failure   Level  Hunger
 Cause Fear               Hex            #.........   61%         4    #####..
 Slow                     Hex            #.......     12%         2    ###....
 Portal Projectile        Hex/Tloc       #.....       38%         3    ###....
 Leda's Liquefaction      Hex/Erth       #.........   80%         4    #####..
 Inner Flame              Hex/Fire       #.......     38%         3    ###....


Dungeon Overview and Level Annotations

Branches:
Dungeon (2/15)

Altars:

Annotations:
D:2 Natasha


Innate Abilities, Weirdness & Mutations

You are too large for most types of armour.
((You have tough skin. (AC +1)))


Message History

You feel sick.
The shadow imp disappears in a puff of smoke!
You closely miss Natasha. Natasha claws you but does no damage.
You hit Natasha.
Natasha is lightly wounded.
Natasha claws you but does no damage.
You hit Natasha.
Natasha is moderately wounded.
You feel sick. Natasha claws you.
* * * LOW HITPOINT WARNING * * *
You hit Natasha.
Natasha is moderately wounded.
Natasha claws you but does no damage.
You hit Natasha.
Natasha is heavily wounded.
The jackal pauses to sniff the ground.
Natasha claws you but does no damage.
You hit Natasha.
Natasha is severely wounded.
You feel a little less agile now.
You feel sick. Natasha claws you but does no damage.
You hit Natasha but do no damage.
Natasha is severely wounded.
Natasha claws you but does no damage.
You are feeling hungry.
You hit Natasha but do no damage.
Natasha is severely wounded.
You feel a little less clever now. Natasha claws you.
* * * LOW HITPOINT WARNING * * *
You miss Natasha.
Natasha is severely wounded.
Natasha mumbles some strange words.
You hit Natasha.
Natasha is severely wounded.
You feel sick. Natasha claws you but does no damage.
The crimson imp blinks!
You closely miss Natasha.
Natasha is severely wounded.
Natasha claws you.
You die...

..>........#..#............#
#.###.##.h....................#
...................##..........
####.#..#.h.......##..........
.........##......5.##..........
..#####.......#.....#..........
###.....##h5##...<.........
#......#†##h####............
#.##...#.##♣# #............ ..
#.#.#.##.# #.#.......... .
...#..##..# #.............
.#..........##...........## .
#.............#.........#
#..........######...#####
#...........# ##..#
#............# #..#
#............# #..#


You could see Natasha, a crimson imp, a shadow imp and a jackal.

Vanquished Creatures
  An adder (D:2)
  A dart slug (D:1)
  A leopard gecko (D:1)
  2 giant cockroaches (D:1)
  5 goblins (D:1)
  3 hobgoblins
  6 jackals
  2 bats
  5 frilled lizards
  3 kobolds (D:1)
  4 rats
33 creatures vanquished.

Notes
Turn   | Place    | Note
-------+----------+-------------------------------------------
     0 | D:1      | glosham the Ogre Arcane Marksman began the quest for the Orb.
     0 | D:1      | Reached XP level 1. HP: 19/19 MP: 2/2
   198 | D:1      | Reached XP level 2. HP: 20/28 MP: 2/4
   357 | D:1      | Reached skill level 2 in Fighting
  1002 | D:2      | Reached XP level 3. HP: 35/35 MP: 5/5
  1215 | D:1      | Reached skill level 2 in Spellcasting
  1569 | D:2      | Reached skill level 3 in Throwing
  1576 | D:2      | Noticed Natasha
  1636 | D:2      | HP: 5/54 [poisoned by an adder]
  1641 | D:2      | Slain by Natasha

Skill      XL: |  1  2  3 |
---------------+----------+-----
Fighting       | 2 |  2.5
Spellcasting   | 2 |  2.1
Throwing       | 3 |  3.1
Dodging        | |  1.7
Hexes          | |  2.6

Action                   || total
-------------------------++-------
Melee: Unarmed           ||    15
       Club              ||    59
       Dagger            ||    73
Throw: Stone             ||    96
  Use: Scroll            ||     7
       Potion            ||     4
  Eat: Chunk             ||     2
Armor: Robe              ||    56
       Skin              ||    10
Dodge: Dodged            ||   104

Table legend:
 A = Turns spent in this place as a percentage of turns spent in the entire game.
 B = Non-inter-level travel turns spent in this place as a percentage of non-inter-level travel turns spent in the entire game.
 C = Inter-level travel turns spent in this place as a percentage of turns spent in this place.
 D = Turns resting spent in this place as a percentage of non-inter-level travel turns spent in this place.
 E = Turns spent auto-exploring this place as a percentage of non-inter-level travel turns spent in this place.
 F = Non-inter-level travel turns spent in this place divided by the number of levels of this place that you've seen.
                   A       B       C       D       E      F
               +-------+-------+-------+-------+-------+----------------------
         Total | 100.0 | 100.0 |  13.3 |  26.2 |   0.0 | 711.0
       Dungeon | 100.0 | 100.0 |  13.3 |  26.2 |   0.0 | 711.0
               +-------+-------+-------+-------+-------+----------------------

Table legend:
 A = Kills in this place as a percentage of kills in entire the game.
 B = Kills by you in this place as a percentage of kills by you in the entire game.
 C = Kills by friends in this place as a percentage of kills by friends in the entire game.
 D = Other kills in this place as a percentage of other kills in the entire game.
 E = Experience gained in this place as a percentage of experience gained in the entire game.
 F = Experience gained in this place divided by the number of levels of this place that you have seen.
                   A       B       C       D       E      F
               +-------+-------+-------+-------+-------+----------------------
         Total | 100.0 | 100.0 |   N/A |   N/A | 100.0 |  34.5
       Dungeon | 100.0 | 100.0 |   N/A |   N/A | 100.0 |  34.5
               +-------+-------+-------+-------+-------+----------------------

Vault maps used:
D:1:      dpeg_arrival_solitude
D:2:      fiery_altar_vehumet, first_ration, uniq_natasha
